 Dungeon Crawl Stone Soup version 0.27.1-3-gb3d3a73c9e (webtiles) character file.

Game seed: 9552523210298227309

161 Goreval the Magician (level 5, 0/31 HPs)
             Began as an Octopode Hedge Wizard on Oct 15, 2021.
             Slain by a bullfrog skeleton (7 damage)
             ... on level 4 of the Dungeon on Oct 16, 2021.
             The game lasted 00:12:19 (5551 turns).

Goreval the Magician (Octopode Hedge Wizard)        Turns: 5551, Time: 00:12:20

Health: 0/31       AC:  1    Str:  9    XL:     5   Next: 42%
Magic:  8/11       EV: 13    Int: 18    God:
Gold:   134        SH:  0    Dex: 11    Spells: 4/12 levels left

rFire    . . .     SeeInvis .   a - +0 dagger
rCold    . . .     Faith    .   (no shield)
rNeg     . . .     Spirit   .   b - +0 hat
rPois    .         Reflect  .   (no amulet)
rElec    .         Harm     .   (no ring)
rCorr    .         Rampage  .   (no ring)
Will     .....                  (no ring)
Stlth    +++.......             (no ring)
HPRegen  0.10/turn              (no ring)
MPRegen  0.12/turn              (no ring)
                                (no ring)
                                (no ring)

@: no status effects
A: almost no armour, amphibious, 8 rings, camouflage 1, gelatinous body 1,
(nimble swimmer 1), tentacles
a: no special abilities


You were on level 4 of the Dungeon.
You visited 1 branch of the dungeon, and saw 4 of its levels.

You collected 134 gold pieces.

Inventory:

Hand Weapons
 a - a +0 dagger (weapon)
Armour
 b - a +0 hat (worn)
Wands
 n - a wand of flame (15)
Scrolls
 c - a scroll of holy word {unknown}
 g - 2 scrolls of enchant weapon {unknown}
 h - 3 scrolls of teleportation {unknown}
 k - 3 scrolls of torment {unknown}
 l - 2 scrolls of amnesia {unknown}
 m - a scroll of fear {unknown}
 o - 2 scrolls of identify {unknown}
 p - a scroll of brand weapon {unknown}
Potions
 d - a potion of might {unknown}
 e - a potion of heal wounds {unknown}
 f - a potion of attraction {unknown}
 i - a potion of curing
 j - a potion of degeneration {unknown}


   Skills:
 + Level 2.8 Dodging
 - Level 2.6 Stealth
 * Level 4.1 Spellcasting
 + Level 2.2 Conjurations
 - Level 2.0 Summonings
 - Level 2.0 Translocations
 + Level 0.0 Poison Magic


You had 4 spell levels left.
You knew the following spells:

 Your Spells              Type           Power      Damage    Failure   Level
a - Magic Dart            Conj           44%        1d5       6%          1
b - Mephitic Cloud        Conj/Pois/Air  6%         N/A       32%         3
n - Blink                 Tloc           N/A        N/A       10%         2
z - Call Imp              Summ           10%        N/A       10%         2

Your spell library contained the following spells:

 Spells                   Type           Power      Damage    Failure   Level
 Slow                     Hex            3%         N/A       22%         2
 Conjure Flame            Conj/Fire      7%         6-21      28%         3


Dungeon Overview and Level Annotations

Branches:
Dungeon (4/15)
 Temple: D:4-7

Altars:

Annotations:
D:3 1 runed translucent door, Crazy Yiuf, Natasha, Sigmund
D:4 exclusion: gnoll


Innate Abilities, Weirdness & Mutations

You cannot wear most types of armour.
You are amphibious.
You can wear up to eight rings at the same time.
Your skin changes colour to match your surroundings (Stealth+).
Your rubbery body absorbs attacks. (AC +1, EV +1)
((You are camouflaged near water. (Stealth+)))
You have tentacles for arms and can constrict up to eight enemies at once.


Message History

The magic dart hits the bullfrog skeleton.
A kobold comes into view.
It is wielding a +0 short sword and quivering poisoned darts.
The kobold hits you with a +0 short sword.
There is an open door here.
The kobold hits you with a +0 short sword.
The bullfrog skeleton barely misses you.
You hit the kobold but do no damage. Your grab misses the kobold.
The kobold hits you with a +0 short sword.
You closely miss the quokka. You grab the quokka.
You constrict the quokka, but do no damage.
The kobold hits you with a +0 short sword.
The quokka barely misses you.
A beastly little devil appears in a puff of flame.
You constrict the quokka, but do no damage.
The kobold hits you with a +0 short sword.
The quokka misses you.
You hit the quokka but do no damage. You constrict the quokka.
You kill the quokka!
The kobold barely misses you.
You hit the kobold but do no damage. You grab the kobold.
You constrict the kobold.
The bullfrog skeleton barely misses you.
The kobold closely misses you.
You hit the kobold. You constrict the kobold.
You kill the kobold!
The bullfrog skeleton hits you.
The bullfrog skeleton completely misses you.
Your crimson imp hits the bullfrog skeleton.
You barely miss the bullfrog skeleton. Your grab misses the bullfrog skeleton.
The bullfrog skeleton hits you!
* * * LOW HITPOINT WARNING * * *
Your crimson imp hits the bullfrog skeleton.
You hit the bullfrog skeleton. You grab the bullfrog skeleton.
Your squeeze misses the bullfrog skeleton.
You constrict the bullfrog skeleton.
The bullfrog skeleton barely misses you.
Your crimson imp hits the bullfrog skeleton.
You hit the bullfrog skeleton. You constrict the bullfrog skeleton.
The bullfrog skeleton hits you!
You die...

.. .# .. ......... #
#..##...[..... ... .
#..##.......... ...
#. #.......>......
...
#..##..............
.#
#..................
.##
##..##..##..........
..#
#...##..##@5........
..+
+.......'†)Z........
..#
#.......#...<.......
###
##......#....^...##.
##
##......#........#
.#
#.......#...........
.#
+...##..##..........
##
##..##..##..........
##
#..##...........##.


You could see a bullfrog skeleton (ally target) and a friendly crimson imp
(summoned).

Vanquished Creatures
  A scorpion (D:4)
  An adder (D:4)
  A gnoll (D:2)
  A worm (D:2)
  3 dart slugs
  An orc (D:3)
  9 bats
  3 endoplasms (D:1)
  7 giant cockroaches
  4 goblins
  4 hobgoblins (D:1)
  3 jackals (D:2)
  9 kobolds
  4 quokkas
  6 ball pythons
  4 frilled lizards
  8 rats
69 creatures vanquished.

Vanquished Creatures (collateral kills)
  3 gnolls (D:2)
  An adder (D:2)
  An orc (D:4)
5 creatures vanquished.

Grand Total: 74 creatures vanquished

Notes
Turn   | Place    | Note
-------+----------+-------------------------------------------
     0 | D:1      | Goreval the Octopode Hedge Wizard began the quest for the
                  | Orb.
     0 | D:1      | Reached XP level 1. HP: 11/11 MP: 4/4
   151 | D:1      | Reached XP level 2. HP: 5/17 MP: 4/6
   154 | D:1      | Learned a level 2 spell: Call Imp
   157 | D:1      | Learned a level 2 spell: Blink
   865 | D:1      | Reached XP level 3. HP: 19/21 MP: 2/7
  1151 | D:1      | Found a faded altar of an unknown god.
  1290 | D:1      | Learned a level 3 spell: Mephitic Cloud
  2092 | D:2      | Reached XP level 4. HP: 16/27 MP: 3/9
  3532 | D:3      | Noticed Sigmund
  3631 | D:3      | Found a runed translucent door.
  3632 | D:3      | Noticed Crazy Yiuf
  3683 | D:3      | Noticed Natasha
  5137 | D:4      | Noticed a scorpion
  5168 | D:4      | Killed a scorpion
  5169 | D:4      | Reached skill level 4 in Spellcasting
  5169 | D:4      | Reached XP level 5. HP: 8/31 MP: 0/11
  5551 | D:4      | Slain by a bullfrog skeleton

Illustrated notes

Levels and vault maps discovered:
D:1:      nzn_arrival_water_spiral, layout_loops_ring,
          hellmonk_ecumenical_altar_crossroads
D:2:      layout_basic, small_statue_intersection
D:3:      layout_basic, item_on_display_a, uniq_natasha,
          uniq_crazy_yiuf_cottage, uniq_sigmund
D:4:      layout_gridville, minmay_goblin_kobold_house

Skill      XL: |  1  2  3  4 |
---------------+-------------+-----
Conjurations   | 2 |  2.2
Summonings     | 2 |  2.0
Spellcasting   | 4 |  4.1
Translocations | 2 |  2.0
Dodging        | |  2.8
Stealth        | |  2.6

Action                   |  1- 3 |  4- 6 || total
-------------------------+-------+-------++-------
Melee: Dagger            |    34 |    34 ||    68
       Tentacles         |     6 |     8 ||    14
       Constrict         |    10 |    12 ||    22
 Cast: Magic Dart        |    91 |    56 ||   147
       Call Imp          |     3 |    11 ||    14
  Use: Potion            |       |     1 ||     1
 Stab: Sleeping          |     1 |       ||     1
Armor: Skin              |     3 |       ||     3
Dodge: Dodged            |    28 |    21 ||    49
